Map: Tokamak LE

Players

PiX

  • Race: Zerg Zerg
  • League: Diamond
  • Spawn Location: 1:00

KimChiLoVer - Winner!

  • Race: Terran Terran
  • League: Diamond
  • Spawn Location: 7:00

VOD

Have the link to the VOD?

Description

Time

  • Played on: Aug. 23, 2025, 1:51 p.m.
  • Length: 14:18
Show
View Real Time Build Order
Export as new Build Order

PiX Zerg 

Build Orders: Hatch First 

Get SALT Encoding   

  12  0:03  Drone  
  13  0:31  Drone  
  14  0:36  Hatchery  
  14  0:37  Drone  
  14  0:43  Extractor, Drone  
  15  0:50  Overlord  
  15  1:06  Spawning Pool  
  15  1:11  Drone  
  15  1:14  Drone  
  15  1:17  Drone  
  17  1:28  Overlord  
  17  1:36  Drone  
  18  1:47  Overlord  
  18  1:52  Drone  
  19  1:55  Queen  
  21  2:01  Queen  
  21  2:04  Drone  
  21  2:07  Zergling x2  
  25  2:11  Drone  
  25  2:13  Drone  
  27  2:29  Hatchery  
  26  2:33  Drone  
  26  2:34  Drone  
  26  2:36  Drone  
  29  2:38  Drone  
  30  2:50  Drone  
  30  2:51  Drone  
  32  2:52  Drone  
  32  2:53  Drone  
  34  3:02  Hatchery  
  33  3:07  Drone x3  
  33  3:09  Drone  
  33  3:11  Drone  
  38  3:22  Queen  
  38  3:24  Queen  
  42  3:31  Extractor  
  41  3:37  Evolution Chamber  
  41  3:38  Evolution Chamber  
  41  3:39  Drone x2  
  41  3:40  Extractor, Drone x2  
  41  3:41  Drone  
  43  3:47  Queen  
  45  3:52  Overlord  
  45  3:57  Extractor  
  45  4:01  Extractor, Drone x3  
  46  4:06  Drone x3  
  46  4:09  Drone  
  50  4:11  Spore Crawler  
  49  4:18  Drone x2  
  49  4:20  Drone x3  
  49  4:21  Drone  
  49  4:22  Drone  
  56  4:24  Spore Crawler  
  55  4:41  Lair  
  55  4:44  Drone x5  
  55  4:45  Drone x4  
  64  4:51  Zergling x4  
  64  4:53  Overlord x2  
  64  4:57  Drone  
  64  4:58  Drone  
  61  5:11  Spore Crawler  
  60  5:15  Evolution Chamber, Drone x6, Spine Crawler  
  60  5:20  Drone x3  
  67  5:25  Drone x2  
  67  5:27  Zerg Melee Weapons Level 1  
  69  5:31  Zerg Ground Armor Level 1  
  69  5:36  Zergling x2  
  69  5:37  Zergling x6  
  69  5:39  Drone x2  
  69  5:41  Drone  
  76  5:43  Drone  
  76  5:44  Drone  
  76  5:48  Zergling x4  
  80  5:59  Spire  
  80  6:00  Drone  
  80  6:01  Overlord x3  
  80  6:08  Extractor  
  80  6:09  Extractor  
  80  6:10  Drone x2  
  80  6:18  Hatchery  
  80  6:25  Baneling Nest  
  78  6:27  Infestation Pit  
  78  6:30  Drone  
  78  6:33  Drone x3  
  78  6:34  Drone x3  
  78  6:38  Zergling x10  
  78  6:39  Zergling x16  
  97  6:43  Burrow  
  97  6:44  Drone x4  
  101  7:01  Overseer  
  101  7:06  Hive  
  101  7:07  Infestor  
  103  7:11  Hatchery  
  102  7:16  Drone x2  
  102  7:18  Overlord x8  
  104  7:39  Zerg Flyer Weapons Level 1  
  104  7:40  Spire  
  104  7:44  Centrifugal Hooks  
  103  7:45  Zerg Melee Weapons Level 2  
  103  7:46  Zerg Ground Armor Level 2  
  103  7:49  Neural Parasite  
  103  7:50  Hatchery  
  103  7:51  Pneumatized Carapace  
  102  7:52  Drone  
  102  7:53  Drone x6  
  102  7:58  Spore Crawler, Drone x2  
  109  8:00  Spine Crawler  
  109  8:06  Drone x2  
  109  8:07  Drone x6  
  109  8:08  Drone  
  109  8:10  Overseer  
  118  8:22  Overseer  
  118  8:28  Zergling x26  
  118  8:29  Zergling x6  
  118  8:32  Metabolic Boost  
  134  8:39  Drone x5  
  139  8:43  Drone x5  
  139  8:46  Spore Crawler  
  143  8:48  Spine Crawler  
  142  8:58  Greater Spire, Corruptor  
  142  8:59  Corruptor x3  
  142  9:02  Drone x2  
  152  9:03  Drone x3  
  155  9:10  Drone  
  155  9:11  Drone x5  
  161  9:24  Infestor  
  161  9:26  Drone x3, Hatchery  
  161  9:30  Spore Crawler  
  162  9:41  Baneling x20  
  162  9:42  Baneling x7, Spine Crawler  
  162  9:43  Zergling x2  
  162  9:44  Zergling x20  
  172  9:45  Overlord  
  172  9:46  Overlord x7  
  172  9:51  Adrenal Glands  
  142  10:08  Zergling x34  
  154  10:20  Zergling x2  
  154  10:21  Zergling x10  
  126  10:31  Brood Lord  
  126  10:33  Brood Lord x3  
  126  10:35  Zergling x16  
  132  10:38  Zergling x6  
  133  10:44  Baneling x5  
  133  10:45  Zergling x2  
  133  10:46  Overlord x3  
  134  10:51  Baneling x4  
  110  11:06  Corruptor x2  
  110  11:08  Zergling x12  
  110  11:09  Zergling x8  
  103  11:15  Overlord x8  
  93  11:33  Ultralisk Cavern  
  93  11:34  Extractor, Hatchery  
  93  11:35  Spire  
  93  11:36  Extractor  
  87  11:42  Zergling x16  
  87  11:43  Zergling x4  
  87  11:44  Corruptor x2  
  87  11:46  Hatchery  
  92  11:52  Zergling x2  
  68  12:27  Ultralisk x3  
  85  12:40  Extractor  
  85  12:41  Extractor  
  85  12:43  Drone x3  
  63  13:23  Spawning Pool  
  47  13:35  Hatchery  
  32  13:41  Drone x3  
  32  13:47  Drone x3  
  19  14:07  Hatchery  
Show
View Real Time Build Order
Export as new Build Order

KimChiLoVer Terran - Winner!

Build Orders: Reaper Expand 

Get SALT Encoding   

  12  0:00  SCV  
  13  0:12  SCV  
  14  0:17  Supply Depot  
  14  0:24  SCV  
  15  0:39  SCV  
  15  0:40  Barracks  
  16  0:46  Refinery  
  16  0:51  SCV  
  17  1:03  SCV  
  18  1:15  SCV  
  19  1:27  Orbital Command  
  19  1:29  Reaper  
  20  1:40  Command Center  
  20  1:54  Supply Depot  
  20  1:57  SCV  
  21  2:01  Marine  
  22  2:09  SCV  
  23  2:17  Factory  
  23  2:21  SCV  
  23  2:22  Barracks Reactor  
  24  2:27  Refinery  
  24  2:30  Barracks  
  24  2:36  Barracks  
  23  2:53  Orbital Command  
  25  3:08  Bunker  
  23  3:14  SCV  
  23  3:17  Barracks Tech Lab  
  24  3:21  Hellion x2  
  24  3:22  SCV  
  24  3:25  Supply Depot  
  24  3:26  SCV  
  30  3:29  Barracks Tech Lab  
  30  3:34  SCV  
  30  3:38  SCV  
  32  3:46  SCV  
  32  3:47  Hellion x2  
  32  3:48  Marine x2  
  38  3:49  Stimpack  
  38  3:52  SCV  
  40  3:56  Combat Shield  
  40  3:58  Marine  
  40  4:01  SCV  
  42  4:04  SCV  
  42  4:08  Supply Depot  
  42  4:09  Marine  
  43  4:10  Marine  
  43  4:13  SCV  
  43  4:15  Marine  
  43  4:16  SCV  
  48  4:29  Command Center  
  48  4:35  Refinery, SCV  
  49  4:45  Marine  
  46  5:03  Marine  
  46  5:04  SCV  
  44  5:16  SCV  
  44  5:17  Factory Reactor, SCV  
  44  5:20  Starport  
  44  5:21  Marine  
  46  5:24  Marine x3  
  46  5:27  Engineering Bay  
  50  5:28  SCV  
  50  5:29  Engineering Bay, SCV  
  50  5:32  Barracks x2  
  50  5:35  Refinery  
  52  5:39  Marine  
  52  5:40  SCV  
  52  5:41  SCV  
  52  5:42  Marine  
  56  5:44  Orbital Command  
  56  5:47  Supply Depot  
  56  5:50  Marine x2  
  56  5:51  Concussive Shells  
  56  5:52  SCV  
  56  5:53  SCV  
  60  5:59  Marine x2  
  60  6:03  Terran Infantry Weapons Level 1  
  60  6:04  Factory Tech Lab  
  62  6:05  SCV x2  
  62  6:07  Marine  
  65  6:13  Supply Depot  
  65  6:14  Terran Infantry Armor Level 1  
  65  6:17  SCV x2, Armory  
  65  6:18  Medivac  
  69  6:19  Medivac  
  69  6:23  Siege Tank  
  74  6:27  Barracks Tech Lab, Barracks Reactor  
  74  6:29  Marine x3  
  74  6:30  SCV, Orbital Command  
  78  6:39  SCV  
  79  6:42  SCV  
  79  6:46  Marine  
  79  6:47  Marauder x2, Marine  
  84  6:50  Marine  
  84  6:51  SCV  
  84  6:52  Medivac x2  
  84  6:54  SCV  
  93  7:03  Supply Depot  
  93  7:05  Supply Depot  
  93  7:20  Supply Depot  
  93  7:24  Marine x6, SCV x2  
  93  7:25  Supply Depot  
  93  7:26  Supply Depot  
  93  7:27  Marauder, Siege Tank, SCV  
  107  7:31  Supply Depot  
  107  7:36  SCV  
  108  7:42  Liberator, Marauder, Marine x4  
  117  7:46  Liberator  
  117  7:47  Marauder  
  117  7:49  Marauder, Supply Depot  
  117  7:50  Supply Depot  
  124  7:53  SCV x2  
  126  7:59  Refinery  
  126  8:00  Marine x4  
  126  8:01  Supply Depot  
  126  8:03  Siege Tank  
  126  8:04  Marauder  
  135  8:07  Marine  
  135  8:10  Marauder  
  135  8:11  Barracks, Terran Infantry Weapons Level 2  
  138  8:14  Terran Infantry Armor Level 2  
  138  8:17  Marine  
  139  8:28  Marauder x2  
  139  8:33  Command Center  
  143  8:43  Siege Tank  
  143  8:44  Medivac  
  143  8:45  Barracks  
  143  8:46  Barracks  
  148  8:55  Marauder x2, Marine x3  
  155  8:57  Marine x2  
  155  8:58  Marine  
  155  9:01  Terran Vehicle And Ship Armor Level 1  
  158  9:13  Marine x3, SCV  
  158  9:14  Supply Depot  
  158  9:15  Siege Tank, Marine  
  158  9:16  Marauder x2  
  158  9:17  Refinery, SCV  
  170  9:18  SCV  
  172  9:25  SCV  
  173  9:35  Marine x4, SCV x2  
  173  9:36  Marauder  
  181  9:44  Marauder x2, SCV  
  186  9:47  SCV  
  187  9:57  Marauder, Marine x7  
  196  10:06  Marine  
  195  10:12  Marauder  
  190  10:15  Marine x7  
  190  10:18  Marine  
  148  10:24  Marine  
  147  10:32  Marine  
  147  10:33  Marine x6  
  153  10:36  Marauder  
  153  10:42  Marauder, Marine  
  158  10:50  Marine  
  158  10:51  Marauder, Marine x5  
  166  10:58  Marauder  
  166  11:00  Marine  
  166  11:03  Marine  
  165  11:08  Marine  
  165  11:09  Marine x5  
  163  11:12  Marine  
  164  11:18  Marine x2  
  164  11:21  Marine  
  167  11:26  Marine x3  
  167  11:27  Marine x3  
  167  11:30  Marine  
  173  11:33  Viking x2  
  173  11:36  Marine x2, Orbital Command  
  173  11:38  Marine  
  173  11:39  SCV x3  
  183  11:44  Marine x6  
  189  11:47  Marine  
  189  11:51  SCV  
  189  11:54  Marine x2  
  191  11:56  Marine  
  190  12:01  Marine  
  190  12:02  Marine x5  
  190  12:04  SCV  
  196  12:21  Marine x3  
  196  12:45  Marine x2  
  196  12:54  Missile Turret  
  196  13:03  Marine x3, SCV  
  196  13:04  Marine x5  
  196  13:05  Marine x2  
  196  13:06  Viking  
  176  13:15  SCV  
  171  13:21  Marauder, Marine x3  
  171  13:22  Marine x2  
  171  13:23  Marauder, Marine  
  163  13:28  SCV  
  156  13:34  Marine x2  
  156  13:39  Marine x3  
  156  13:40  Marine x2, SCV  
  163  13:41  Marauder  
  163  13:43  Marauder  
  163  13:44  Marauder  
  165  13:52  Marine x2, SCV  
  169  13:57  Marine x5  
Tags
 
Add a new tag
Caveats
  • Supply blocks, unpowered buildings, or Contaminate may cause inaccurate times.
  • Supply counts are checked every 10 seconds.